 Dungeon Crawl Stone Soup version 0.29.0-4-gdea44cf6ec (webtiles) character file.

Game seed: 6129122493766442908

77854 qw the Brawler (level 15, 0/140 HPs)
             Began as a Troll Cinder Acolyte on Sept 1, 2022.
             Was a High Priest of Okawaru.
             Slain by an orc warrior
             ... wielding a +0 trident
              (1 damage)
             ... on level 2 of the Orcish Mines.
             The game lasted 00:11:21 (19645 turns).

qw the Brawler (Troll Cinder Acolyte)              Turns: 19645, Time: 00:11:21

Health: 0/140      AC: 17    Str: 35    XL:     15   Next: 16%
Magic:  21/21      EV:  8    Int: 18    God:    Okawaru [*****.]
Gold:   1655       SH: 29    Dex:  8    Spells: 16/16 levels left

rFire   + . .      SeeInvis +     - Unarmed
rCold   . . .      Faith    .   m - +5 tower shield "Doton" {rPois rCorr Dex+3}
rNeg    + . .      Spirit   .   t - +1 storm dragon scales of Instinct {rElec Str+3}
rPois   +          Reflect  +   (helmet restricted)
rElec   +          Harm     .   h - scarf {repulsion}
rCorr   +          Rampage  .   (gloves unavailable)
Will    +....                   (boots unavailable)
Stlth   ..........              w - amulet of reflection
HPRegen 1.13/turn               d - ring of see invisible
MPRegen 0.17/turn               v - ring of the Queen {Fire *Corrode Fly rN+ Int+8}

@: about to teleport, heroic, flying, repel missiles
A: large, unfitting armour, claws 3, regeneration 1, shaggy fur 1, tough skin 1,
cold resistance 1
a: Renounce Religion, Heroism, Finesse, Duel


You were on level 2 of the Orcish Mines.
You worshipped Okawaru.
Okawaru was extremely pleased with you.
You visited 4 branches of the dungeon, and saw 23 of its levels.

You collected 1925 gold pieces.
You spent 270 gold pieces at shops.


Innate Abilities, Weirdness & Mutations

You are too large for most types of armour.
You have claws for hands.
Your natural rate of healing is unusually fast.
You are covered in fur. (AC +1)
You have tough skin. (AC +1)
Your flesh is cold resistant. (rC+)


   Skills:
 - Level 7.0(12.0) Fighting
 - Level 6.0(11.0) Throwing
 - Level 5.0(10.0) Armour
 - Level 2.0(7.0) Dodging
 + Level 14.1(19.1) Shields
 - Level 16.2(21.2) Unarmed Combat
 - Level 1.0 Spellcasting
 - Level 2.1 Fire Magic
 - Level 10.0 Invocations


You had 16 spell levels left.
You didn't know any spells.
Your spell library contained the following spells:

 Spells                   Type           Power      Damage    Failure   Level
 Scorch                   Fire           26%        2d6       61%         2

Inventory:

Missiles
 k - 14 large rocks (quivered)
 s - 7 boomerangs
 x - 9 javelins
 y - 2 silver boomerangs
 z - 2 silver javelins
Armour
 h - a scarf of repulsion (worn)
 m - the +5 tower shield "Doton" (worn) {rPois rCorr Dex+3}
   (You acquired it on level 2 of the Lair of Beasts)

   Dex:       It affects your dexterity (+3).
   rPois:     It protects you from poison.
   rCorr:     It protects you from acid and corrosion.
 q - a +2 cloak
 t - the +1 storm dragon scales of Instinct (worn) {rElec Str+3}
   (You acquired it on level 7 of the Dungeon)

   Str:       It affects your strength (+3).
   rElec:     It insulates you from electricity.
Jewellery
 a - a ring of fire
 b - the amulet "Onimacal" {Spirit rElec rC- Will+++ Regen+}
   (You acquired it on level 1 of the Dungeon)

   [amulet of guardian spirit]

   It causes incoming damage to be divided between your reserves of health and
   magic.
   rC:        It makes you vulnerable to cold.
   rElec:     It insulates you from electricity.
   Regen:     It increases your rate of health regeneration.
   Will:      It greatly increases your willpower.
 d - a ring of see invisible (left claw)
 n - the ring of the Wary Queens {Ice rPois Str-5 Dex-2 SInv}
   (You acquired it on level 2 of the Dungeon)

   [ring of ice]

   It enhances your ice magic.
   Str:       It affects your strength (-5).
   Dex:       It affects your dexterity (-2).
   rF:        It makes you vulnerable to fire.
   rC:        It protects you from cold.
   rPois:     It protects you from poison.
   SInv:      It lets you see invisible.
 u - a ring of protection from cold
 v - the ring of the Queen (right claw) {Fire *Corrode Fly rN+ Int+8}
   (You found it on level 5 of the Lair of Beasts)

   [ring of fire]

   It enhances your fire magic.
   Int:       It affects your intelligence (+8).
   rF:        It protects you from fire.
   rC:        It makes you vulnerable to cold.
   rN:        It protects you from negative energy.
   Fly:       It grants you flight.
   *Corrode:  It may corrode you when you take damage.
 w - an amulet of reflection (around neck)
Scrolls
 f - 2 scrolls of enchant armour
 i - 5 scrolls of teleportation
 l - 7 scrolls of identify
 o - a scroll of enchant weapon
Potions
 c - a potion of cancellation
 e - 15 potions of curing
 g - 2 potions of haste
 j - 4 potions of mutation
 p - 2 potions of might
 r - 3 potions of resistance

Dungeon Overview and Level Annotations

Branches:
Dungeon (15/15)            Temple (1/1) D:4            Lair (5/5) D:9
  Swamp (0/4) Lair:3       Spider (0/4) Lair:3        Slime (0/5) Lair:4
    Orc (2/2) D:12            Elf (0/3) Orc:2        Vaults (0/5) D:14
 Depths (0/4) D:15

Altars:
Cheibriados
Dithmenos
Elyvilon
Hepliaklqana
Makhleb
Okawaru
Qazlal
Ru
Trog
Uskayaw
Wu Jian
The Shining One

Shops:
D:3 ![(=*   D:6 *   D:10 [   Orc:2 :**

Portals:
Trove: D:15 (give 6 scrolls of blinking)

Annotations:
D:3 2 transporters
D:6 1 runed translucent door, Crazy Yiuf
D:9 4 runed translucent doors
D:14 1 runed translucent door, Opnastoc's ghost, journeyman MiBe


Message History

The orc warrior wields a +0 arbalest.
The orc warrior shoots a bolt.
You reflect the bolt off an invisible shield around you!
The bolt closely misses the orc warrior.
The bolt hits the orc.
The orc knight unwields a +0 arbalest.
The orc knight wields a +0 broad axe.
The orc knight hits you with a +0 broad axe!
The orc warrior shoots a bolt.
The bolt barely misses you.
The orc warrior hits you but does no damage.
You eviscerate the orc knight!!!
The orc knight is almost dead.
The orc warrior no longer looks unusually strong.
You eviscerate the orc knight!!!
You kill the orc knight!
Okawaru accepts your kill.
The orc warrior no longer looks unusually strong.
The orc warrior shoots a bolt.
You reflect the bolt off an invisible shield around you!
The bolt barely misses the orc warrior.
The bolt hits the orc warrior!!
You kill the orc warrior!
Okawaru accepts your kill.
The orc warrior shoots a bolt.
You reflect the bolt off an invisible shield around you!
The bolt misses the orc warrior.
The bolt barely misses the orc.
The orc warrior hits you from afar with a +0 trident!!
19645 ||| READING 6 scrolls of teleportation.
As you read the scroll of teleportation, it crumbles to dust.
You feel strangely unstable.
The orc warrior no longer looks unusually strong.
The orc warrior shoots a bolt.
You reflect the bolt off an invisible shield around you!
The bolt hits the orc warrior!
The orc warrior shoots a bolt.
You reflect the bolt off an invisible shield around you!
The bolt hits the orc warrior!
The orc warrior hits you with a +0 long sword!!
The orc shoots a bolt.
You reflect the bolt off an invisible shield around you!
The bolt hits the orc!
You kill the orc!
The orc warrior hits you from afar with a +0 trident.
You die...

..........
~~..........#
~~~......... #\
~~~~......#..
...####~~~~.....#..
.\....o)o).........
.\...ooo.oo....... #
##~~~~.....# ..
###~@~~).....#..#
##~~~~oo)..).....<
#~~~.)........#. .~~
#~~.......)..##.
...###)..##.)##..##...
.....)......)).........
...........)........#..
#..............#.......
#...................$..


You could see 8 orc warriors.

Vanquished Creatures
  A frost giant (D:15)
  An ironbound preserver (D:14)
  Fannar (Lair:3)
  3 catoblepae
  9 hydras
  Erica (D:8)
  4 centaur warriors
  3 boulder beetles
  5 two-headed ogres
  7 slime creatures
  2 tengu warriors (D:15)
  9 death yaks
  A deep troll shaman (Lair:5)
  A soul eater (D:9)
  Urug (Orc:1)
  2 bog bodies (Lair:3)
  2 lindwurms (Lair:2)
  A wizard (D:14)
  An orc knight (Orc:2)
  2 ugly things
  4 deep elf pyromancers
  2 orc sorcerers (Orc:1)
  4 cyclopes (D:15)
  6 manticores
  Maurice (D:13)
  8 elephants (Lair:5)
  A smoke demon (D:9)
  2 rust devils
  12 cane toads
  2 orange demons (D:9)
  5 black mambas
  A torpor snail (Lair:5)
  3 rime drakes
  3 kobold demonologists
  An efreet (D:14)
  A freezing wraith (D:14)
  An unseen horror (D:13)
  An ice devil (D:8)
  3 komodo dragons
  A hellwing (D:9)
  A guardian mummy (D:15)
  A queen bee (shapeshifter) (D:15)
  A polar bear (Lair:3)
  3 meliai (D:14)
  4 trolls
  A hornet (shapeshifter) (D:15)
  A polar bear (shapeshifter) (D:13)
  A tarantella (shapeshifter) (D:14)
  18 blink frogs
  Grinder (D:4)
  A jumping spider (Lair:3)
  5 dream sheep (Lair:5)
  A vampire (D:13)
  38 yaks
  4 wraiths
  2 shadows
  2 ynoxinuls (D:9)
  A water elemental (D:12)
  A wyvern (D:9)
  16 fire elementals
  3 chaos spawn (D:9)
  A redback (Lair:3)
  3 vampire mosquitoes (D:11)
  5 basilisks
  A warg (Orc:2)
  Duvessa (D:6)
  17 water moccasins
  4 black bears
  28 orc warriors
  22 wolves
  An ice beast (D:7)
  5 ogres
  16 centaurs
  11 bullfrogs
  4 kobold brigands
  2 necrophages
  2 scorpions
  5 wights
  Dowan (D:6)
  17 killer bees
  2 howler monkeys
  8 electric eels (D:12)
  2 quasits
  2 hounds
  A jelly (D:4)
  14 orc priests
  2 gnoll boudas
  5 iguanas
  Jessica (D:2)
  11 orc wizards
  5 adders
  16 gnolls
  2 white imps
  An ufetubus (D:5)
  A worm (D:2)
  4 dart slugs
  45 orcs
  6 endoplasms
  12 goblins
  6 hobgoblins
  5 quokkas
  7 ball pythons
  3 bats
  3 frilled lizards
  16 kobolds
  3 rats
554 creatures vanquished.

Vanquished Creatures (others)
  An orc warrior (Orc:2)
  A kobold brigand (D:12)
  An orc (Orc:2)
  14 demonic plants (D:9)
  14 fungi
  30 plants
  2 withered plants (D:14)
63 creatures vanquished.

Grand Total: 617 creatures vanquished

Notes
Turn   | Place    | Note
-------+----------+-------------------------------------------
     0 | D:1      | qw the Troll Cinder Acolyte began the quest for the Orb.
     0 | D:1      | Reached XP level 1. HP: 22/22 MP: 1/1
     0 | D:1      | 0 ||| qw: Version: 0.1-a-97-g2dd2ca4
     0 | D:1      | 0 ||| qw: Game counter: 4806
     0 | D:1      | 0 ||| qw: Always use a shield: true
     0 | D:1      | 0 ||| qw: God list: Okawaru
     0 | D:1      | 0 ||| qw: Allow faded altars: false
     0 | D:1      | 0 ||| qw: Do Orc after D:15 true
     0 | D:1      | 0 ||| qw: Do second Lair branch before Depths: true
     0 | D:1      | 0 ||| qw: Lair rune preference: random
     0 | D:1      | 0 ||| qw: Plans: Normal
     0 | D:1      | 0 ||| PLANNING D:1-11
    91 | D:1      | 91 ||| Stepping ~*~*~tactically~*~*~ (outnumbered).
    92 | D:1      | 92 ||| Stepping ~*~*~tactically~*~*~ (outnumbered).
   138 | D:1      | 138 ||| Stepping ~*~*~tactically~*~*~ (stealth).
   146 | D:1      | 146 ||| Stepping ~*~*~tactically~*~*~ (outnumbered).
   148 | D:1      | 148 ||| Stepping ~*~*~tactically~*~*~ (outnumbered).
   150 | D:1      | 150 ||| Stepping ~*~*~tactically~*~*~ (outnumbered).
   151 | D:1      | 151 ||| Stepping ~*~*~tactically~*~*~ (outnumbered).
   152 | D:1      | 152 ||| Stepping ~*~*~tactically~*~*~ (outnumbered).
   154 | D:1      | Reached XP level 2. HP: 25/29 MP: 2/2
   495 | D:1      | Reached skill level 4 in Unarmed Combat
   636 | D:1      | 636 ||| READING scroll labelled MYURAO VAIDUJU.
   640 | D:1      | 640 ||| READING scroll labelled SIPTUKHUO PUKACWU.
   641 | D:1      | 641 ||| READING scroll labelled NUDGHE MEFAONE.
   641 | D:1      | Identified a scroll of acquirement
   641 | D:1      | 641 ||| ACQUIRING amulet "Onimacal" {Spirit rElec rC-
                  | Will+++ Regen+}
   641 | D:1      | Acquired the amulet "Onimacal" {Spirit rElec rC- Will+++
                  | Regen+}
   643 | D:1      | 643 ||| UPGRADING to amulet "Onimacal" {Spirit rElec rC-
                  | Will+++ Regen+}.
   648 | D:1      | 648 ||| READING scroll labelled APPISHR DUSOAR.
   649 | D:1      | 649 ||| DRINKING 2 glowing white potions.
   650 | D:1      | 650 ||| DROPPING potion of flight.
   829 | D:2      | 829 ||| Stepping ~*~*~tactically~*~*~ (stealth).
   832 | D:2      | 832 ||| INVOKING Fiery Armour.
   834 | D:2      | Reached XP level 3. HP: 34/36 MP: 1/3
   895 | D:2      | You fall into a shaft and drop 2 floors!
   977 | D:4      | Reached skill level 5 in Unarmed Combat
   977 | D:4      | Reached XP level 4. HP: 44/44 MP: 4/4
   983 | D:4      | Noticed a scorpion
   989 | D:4      | Killed a scorpion
   990 | D:4      | Reached XP level 5. HP: 44/50 MP: 5/5
  1051 | D:4      | 1051 ||| UPGRADING to +0 cloak.
  1057 | D:4      | 1057 ||| UPGRADING to ring of see invisible.
  1058 | D:4      | 1058 ||| READING scroll labelled PISUTU UMANA.
  1111 | D:3      | Found Igaero's Distillery.
  1119 | D:3      | 1119 ||| SHOPLISTING 2 potions of curing (78 gold, have
                  | 75).
  1119 | D:3      | 1119 ||| SHOPLISTING 2 potions of mutation (208 gold, have
                  | 75).
  1119 | D:3      | 1119 ||| BUYING potion of curing (39 gold).
  1119 | D:3      | Bought a potion of curing for 39 gold pieces
  1119 | D:3      | 1119 ||| SHOPLISTING potion of curing (39 gold, have 36).
  1119 | D:3      | 1119 ||| SHOPLISTING potion of haste (130 gold, have 36).
  1119 | D:3      | 1119 ||| SHOPLISTING potion of might (52 gold, have 36).
  1277 | D:2      | Reached skill level 6 in Unarmed Combat
  1481 | D:2      | 1481 ||| Stepping ~*~*~tactically~*~*~ (hiding).
  1681 | D:2      | Noticed Jessica
  1684 | D:2      | Killed Jessica
  1754 | D:2      | 1754 ||| READING scroll of acquirement.
  1754 | D:2      | 1754 ||| ACQUIRING ring of the Wary Queens {Ice rPois Str-5
                  | Dex-2 SInv}
  1754 | D:2      | Acquired the ring of the Wary Queens {Ice rPois Str-5 Dex-2
                  | SInv}
  1831 | D:2      | 1831 ||| READING scroll labelled DOTOFA ASUTEHU.
  1832 | D:2      | 1832 ||| READING 3 scrolls labelled GAL REOKAIRR.
  1833 | D:2      | 1833 ||| DRINKING 2 inky potions.
  1834 | D:2      | 1834 ||| DROPPING 2 scrolls of immolation.
  1835 | D:2      | 1835 ||| READING 2 scrolls of teleportation.
  1878 | D:3      | Found Jeitirgha's Armour Shop.
  1891 | D:3      | 1891 ||| SHOPLISTING +2 cloak (181 gold, have 80).
  1906 | D:3      | Found a transporter.
  1908 | D:3      | 1908 ||| Stepping ~*~*~tactically~*~*~ (hiding).
  1935 | D:3      | 1935 ||| Stepping ~*~*~tactically~*~*~ (stealth).
  1974 | D:3      | Found Maimpiot's Jewellery Emporium.
  1980 | D:3      | 1980 ||| SHOPLISTING +4 ring of evasion (396 gold, have
                  | 108).
  1980 | D:3      | 1980 ||| SHOPLISTING +6 ring of dexterity (396 gold, have
                  | 108).
  1980 | D:3      | 1980 ||| SHOPLISTING amulet of reflection (330 gold, have
                  | 108).
  1980 | D:3      | 1980 ||| SHOPLISTING amulet of the Air {Inacc Air Fly rElec
                  | RMsl} (413 gold, have 108).
  1980 | D:3      | 1980 ||| SHOPLISTING amulet of the acrobat (330 gold, have
                  | 108).
  1980 | D:3      | 1980 ||| SHOPLISTING ring of protection from fire (275
                  | gold, have 108).
  1989 | D:3      | Found Cydweas's Weapon Shop.
  2009 | D:3      | Found Odeid's General Store.
  2058 | D:3      | Found a transporter.
  2153 | D:3      | 2153 ||| Stepping ~*~*~tactically~*~*~ (hiding).
  2242 | D:3      | 2242 ||| READING 2 scrolls of identify.
  2242 | D:3      | 2242 ||| IDENTIFYING ruby potion
  2261 | D:4      | Reached XP level 6. HP: 59/59 MP: 6/6
  2305 | D:4      | 2305 ||| Stepping ~*~*~tactically~*~*~ (stealth).
  2336 | D:4      | 2336 ||| Stepping ~*~*~tactically~*~*~ (stealth).
  2351 | D:4      | 2351 ||| Stepping ~*~*~tactically~*~*~ (stealth).
  2353 | D:4      | 2353 ||| Stepping ~*~*~tactically~*~*~ (hiding).
  2359 | D:4      | 2359 ||| Stepping ~*~*~tactically~*~*~ (outnumbered).
  2365 | D:4      | Reached skill level 7 in Unarmed Combat
  2570 | D:4      | 2570 ||| FLEEEEING.
  2571 | D:4      | 2571 ||| FLEEEEING.
  2574 | D:4      | 2574 ||| FLEEEEING.
  2575 | D:4      | 2575 ||| FLEEEEING.
  2610 | D:4      | Found a staircase to the Ecumenical Temple.
  2615 | D:4      | Noticed Grinder
  2628 | D:4      | Killed Grinder
  2629 | D:4      | Reached skill level 8 in Unarmed Combat
  2629 | D:4      | Reached XP level 7. HP: 63/66 MP: 7/7
  2793 | D:4      | 2793 ||| READING scroll labelled MIMEHO XIUWEAFF.
  2794 | D:4      | 2794 ||| READING 2 scrolls of identify.
  2794 | D:4      | 2794 ||| IDENTIFYING green potion
  2795 | D:4      | 2795 ||| DROPPING potion of ambrosia.
  2814 | D:5      | Entered Level 5 of the Dungeon
  2826 | D:5      | Reached skill level 3 in Fighting
  2839 | D:5      | 2839 ||| FLEEEEING.
  2840 | D:5      | 2840 ||| FLEEEEING.
  2841 | D:5      | 2841 ||| FLEEEEING.
  2842 | D:5      | 2842 ||| STAIRDANCE
  2922 | D:5      | 2922 ||| Stepping ~*~*~tactically~*~*~ (stealth).
  2924 | D:5      | 2924 ||| Stepping ~*~*~tactically~*~*~ (stealth).
  2929 | D:5      | 2929 ||| Stepping ~*~*~tactically~*~*~ (stealth).
  2931 | D:5      | 2931 ||| Stepping ~*~*~tactically~*~*~ (stealth).
  2936 | D:5      | 2936 ||| Stepping ~*~*~tactically~*~*~ (stealth).
  2942 | D:5      | 2942 ||| INVOKING Fiery Armour.
  3031 | D:5      | Reached skill level 9 in Unarmed Combat
  3181 | D:5      | 3181 ||| INVOKING Fiery Armour.
  3183 | D:5      | 3183 ||| Stepping ~*~*~tactically~*~*~ (outnumbered).
  3184 | D:5      | 3184 ||| Stepping ~*~*~tactically~*~*~ (hiding).
  3189 | D:5      | 3189 ||| Stepping ~*~*~tactically~*~*~ (hiding).
  3195 | D:5      | Reached XP level 8. HP: 75/75 MP: 8/8
  3640 | D:6      | 3640 ||| Stepping ~*~*~tactically~*~*~ (hiding).
  3781 | D:6      | Reached skill level 10 in Unarmed Combat
  3805 | D:6      | Found a runed translucent door.
  3806 | D:6      | Noticed Crazy Yiuf
  4144 | D:6      | Noticed Dowan
  4145 | D:6      | Noticed Duvessa
  4146 | D:6      | 4146 ||| INVOKING Fiery Armour.
  4153 | D:6      | Killed Duvessa
  4154 | D:6      | 4154 ||| Stepping ~*~*~tactically~*~*~ (outnumbered).
  4155 | D:6      | 4155 ||| Stepping ~*~*~tactically~*~*~ (outnumbered).
  4156 | D:6      | 4156 ||| Stepping ~*~*~tactically~*~*~ (outnumbered).
  4157 | D:6      | 4157 ||| Stepping ~*~*~tactically~*~*~ (outnumbered).
  4158 | D:6      | 4158 ||| Stepping ~*~*~tactically~*~*~ (outnumbered).
  4159 | D:6      | 4159 ||| Stepping ~*~*~tactically~*~*~ (outnumbered).
  4160 | D:6      | 4160 ||| Stepping ~*~*~tactically~*~*~ (outnumbered).
  4161 | D:6      | 4161 ||| Stepping ~*~*~tactically~*~*~ (outnumbered).
  4163 | D:6      | 4163 ||| Stepping ~*~*~tactically~*~*~ (outnumbered).
  4165 | D:6      | 4165 ||| Stepping ~*~*~tactically~*~*~ (outnumbered).
  4166 | D:6      | 4166 ||| Stepping ~*~*~tactically~*~*~ (outnumbered).
  4167 | D:6      | 4167 ||| Stepping ~*~*~tactically~*~*~ (outnumbered).
  4168 | D:6      | 4168 ||| Stepping ~*~*~tactically~*~*~ (outnumbered).
  4168 | D:6      | Killed Dowan
  4170 | D:6      | 4170 ||| Stepping ~*~*~tactically~*~*~ (outnumbered).
  4171 | D:6      | 4171 ||| Stepping ~*~*~tactically~*~*~ (outnumbered).
  4172 | D:6      | 4172 ||| Stepping ~*~*~tactically~*~*~ (outnumbered).
  4173 | D:6      | 4173 ||| Stepping ~*~*~tactically~*~*~ (outnumbered).
  4174 | D:6      | 4174 ||| Stepping ~*~*~tactically~*~*~ (outnumbered).
  4175 | D:6      | 4175 ||| Stepping ~*~*~tactically~*~*~ (outnumbered).
  4176 | D:6      | 4176 ||| Stepping ~*~*~tactically~*~*~ (outnumbered).
  4177 | D:6      | 4177 ||| Stepping ~*~*~tactically~*~*~ (outnumbered).
  4178 | D:6      | 4178 ||| Stepping ~*~*~tactically~*~*~ (outnumbered).
  4178 | D:6      | Found Mupuh's Neck Hole.
  4183 | D:6      | Reached skill level 11 in Unarmed Combat
  4183 | D:6      | Reached XP level 9. HP: 78/84 MP: 6/9
  4213 | D:6      | 4213 ||| BUYING +2 cloak (231 gold).
  4213 | D:6      | Bought a +2 cloak for 231 gold pieces
  4213 | D:6      | 4213 ||| SHOPLISTING amulet of guardian spirit (420 gold,
                  | have 7).
  4213 | D:6      | 4213 ||| SHOPLISTING amulet of reflection (420 gold, have
                  | 7).
  4213 | D:6      | 4213 ||| SHOPLISTING scarf of resistance (448 gold, have
                  | 7).
  4609 | D:6      | 4609 ||| UPGRADING to scarf of repulsion.
  4619 | D:6      | 4619 ||| DROPPING +0 cloak.
  4620 | D:6      | 4620 ||| READING scroll labelled VIGGOS WAOPP.
  4698 | D:7      | 4698 ||| Stepping ~*~*~tactically~*~*~ (stealth).
  4749 | D:7      | 4749 ||| Stepping ~*~*~tactically~*~*~ (hiding).
  4751 | D:7      | 4751 ||| INVOKING Fiery Armour.
  4764 | D:7      | Reached skill level 12 in Unarmed Combat
  4840 | D:7      | 4840 ||| Stepping ~*~*~tactically~*~*~ (stealth).
  4843 | D:7      | 4843 ||| Stepping ~*~*~tactically~*~*~ (stealth).
  4844 | D:7      | 4844 ||| Stepping ~*~*~tactically~*~*~ (stealth).
  5004 | D:7      | 5004 ||| READING scroll of acquirement.
  5004 | D:7      | 5004 ||| ACQUIRING +1 storm dragon scales of Instinct
                  | {rElec Str+3}
  5004 | D:7      | Acquired the +1 storm dragon scales of Instinct {rElec
                  | Str+3}
  5006 | D:7      | 5006 ||| UPGRADING to +1 storm dragon scales of Instinct
                  | {rElec Str+3}.
  5016 | D:7      | 5016 ||| DROPPING +0 robe.
  5185 | D:7      | Reached skill level 1 in Armour
  5395 | D:7      | 5395 ||| UPGRADING to ring of fire.
  5396 | D:7      | 5396 ||| READING scroll labelled ONNALIMOOR.
  5397 | D:7      | 5397 ||| DRINKING 2 silvery potions.
  5427 | D:7      | 5427 ||| READING 2 scrolls of identify.
  5427 | D:7      | 5427 ||| IDENTIFYING lumpy yellow potion
  5428 | D:7      | 5428 ||| DROPPING potion of lignification.
  5429 | D:7      | 5429 ||| DROPPING potion of brilliance.
  5505 | D:8      | 5505 ||| Stepping ~*~*~tactically~*~*~ (stealth).
  5506 | D:8      | 5506 ||| Stepping ~*~*~tactically~*~*~ (stealth).
  5535 | D:8      | Reached skill level 3 in Armour
  5538 | D:8      | 5538 ||| INVOKING Fiery Armour.
  5633 | D:8      | 5633 ||| Stepping ~*~*~tactically~*~*~ (stealth).
  5634 | D:8      | 5634 ||| Stepping ~*~*~tactically~*~*~ (stealth).
  6065 | D:8      | Noticed Erica
  6066 | D:8      | 6066 ||| INVOKING Fiery Armour.
  6070 | D:8      | Killed Erica
  6071 | D:8      | Reached skill level 13 in Unarmed Combat
  6071 | D:8      | Reached XP level 10. HP: 76/96 MP: 8/10
  6117 | D:8      | 6117 ||| Stepping ~*~*~tactically~*~*~ (hiding).
  6118 | D:8      | 6118 ||| Stepping ~*~*~tactically~*~*~ (hiding).
  6347 | D:8      | Found Tuvaut's Distillery.
  6385 | D:8      | 6385 ||| READING scroll labelled FUPODA CUUCVU.
  6386 | D:8      | 6386 ||| DRINKING 3 emerald potions.
  6386 | D:8      | Gained mutation: Your flesh is cold resistant. (rC+)
                  | [potion of mutation]
  6387 | D:8      | 6387 ||| REMOVING ring of fire.
  6388 | D:8      | 6388 ||| READING 4 scrolls of identify.
  6388 | D:8      | 6388 ||| IDENTIFYING sapphire potion
  6389 | D:8      | 6389 ||| READING 3 scrolls of identify.
  6389 | D:8      | 6389 ||| IDENTIFYING pink potion
  6390 | D:8      | 6390 ||| READING 2 scrolls of identify.
  6390 | D:8      | 6390 ||| IDENTIFYING glowing inky potion
  6391 | D:8      | 6391 ||| DROPPING potion of attraction.
  6392 | D:8      | 6392 ||| DROPPING potion of degeneration.
  6405 | D:9      | Noticed a rust devil
  6411 | D:9      | 6411 ||| STAIRDANCE
  6413 | D:8      | 6413 ||| Stepping ~*~*~tactically~*~*~ (outnumbered).
  6414 | D:8      | 6414 ||| Stepping ~*~*~tactically~*~*~ (outnumbered).
  6415 | D:8      | 6415 ||| Stepping ~*~*~tactically~*~*~ (outnumbered).
  6416 | D:8      | 6416 ||| Stepping ~*~*~tactically~*~*~ (outnumbered).
  6420 | D:8      | 6420 ||| DRINKING potion of cancellation.
  6421 | D:8      | 6421 ||| Stepping ~*~*~tactically~*~*~ (outnumbered).
  6422 | D:8      | 6422 ||| Stepping ~*~*~tactically~*~*~ (outnumbered).
  6423 | D:8      | 6423 ||| Stepping ~*~*~tactically~*~*~ (outnumbered).
  6424 | D:8      | 6424 ||| Stepping ~*~*~tactically~*~*~ (outnumbered).
  6433 | D:8      | 6433 ||| READING scroll of teleportation.
  6435 | D:8      | Killed a rust devil
  6594 | D:9      | 6594 ||| STAIRDANCE
  6633 | D:9      | Noticed an orange demon
  6640 | D:9      | 6640 ||| Stepping ~*~*~tactically~*~*~ (outnumbered).
  6641 | D:9      | 6641 ||| Stepping ~*~*~tactically~*~*~ (outnumbered).
  6645 | D:9      | 6645 ||| INVOKING Fiery Armour.
  6647 | D:9      | 6647 ||| Stepping ~*~*~tactically~*~*~ (outnumbered).
  6648 | D:9      | 6648 ||| Stepping ~*~*~tactically~*~*~ (outnumbered).
  6649 | D:9      | 6649 ||| Stepping ~*~*~tactically~*~*~ (outnumbered).
  6650 | D:9      | 6650 ||| Stepping ~*~*~tactically~*~*~ (outnumbered).
  6651 | D:9      | 6651 ||| Stepping ~*~*~tactically~*~*~ (outnumbered).
  6657 | D:9      | 6657 ||| Stepping ~*~*~tactically~*~*~ (outnumbered).
  6659 | D:9      | 6659 ||| Stepping ~*~*~tactically~*~*~ (outnumbered).
  6660 | D:9      | 6660 ||| Stepping ~*~*~tactically~*~*~ (outnumbered).
  6661 | D:9      | 6661 ||| Stepping ~*~*~tactically~*~*~ (outnumbered).
  6663 | D:9      | 6663 ||| Stepping ~*~*~tactically~*~*~ (outnumbered).
  6664 | D:9      | 6664 ||| Stepping ~*~*~tactically~*~*~ (outnumbered).
  6665 | D:9      | 6665 ||| Stepping ~*~*~tactically~*~*~ (outnumbered).
  6666 | D:9      | 6666 ||| Stepping ~*~*~tactically~*~*~ (outnumbered).
  6667 | D:9      | 6667 ||| Stepping ~*~*~tactically~*~*~ (outnumbered).
  6668 | D:9      | 6668 ||| Stepping ~*~*~tactically~*~*~ (outnumbered).
  6669 | D:9      | 6669 ||| Stepping ~*~*~tactically~*~*~ (outnumbered).
  6674 | D:9      | Reached skill level 14 in Unarmed Combat
  6678 | D:9      | Killed an orange demon
  6738 | D:9      | 6738 ||| Stepping ~*~*~tactically~*~*~ (outnumbered).
  6739 | D:9      | 6739 ||| Stepping ~*~*~tactically~*~*~ (outnumbered).
  6740 | D:9      | 6740 ||| Stepping ~*~*~tactically~*~*~ (outnumbered).
  6745 | D:9      | 6745 ||| Stepping ~*~*~tactically~*~*~ (outnumbered).
  6746 | D:9      | 6746 ||| Stepping ~*~*~tactically~*~*~ (outnumbered).
  6747 | D:9      | 6747 ||| Stepping ~*~*~tactically~*~*~ (outnumbered).
  6750 | D:9      | 6750 ||| Stepping ~*~*~tactically~*~*~ (outnumbered).
  6751 | D:9      | 6751 ||| Stepping ~*~*~tactically~*~*~ (outnumbered).
  6753 | D:9      | 6753 ||| Stepping ~*~*~tactically~*~*~ (outnumbered).
  6758 | D:9      | 6758 ||| Stepping ~*~*~tactically~*~*~ (outnumbered).
  6759 | D:9      | 6759 ||| Stepping ~*~*~tactically~*~*~ (hiding).
  6763 | D:9      | Noticed a two-headed ogre
  6766 | D:9      | 6766 ||| Stepping ~*~*~tactically~*~*~ (outnumbered).
  6777 | D:9      | 6777 ||| Stepping ~*~*~tactically~*~*~ (outnumbered).
  6778 | D:9      | 6778 ||| Stepping ~*~*~tactically~*~*~ (outnumbered).
  6782 | D:9      | 6782 ||| INVOKING Fiery Armour.
  6782 | D:9      | Killed a two-headed ogre
  6783 | D:9      | Reached skill level 6 in Fighting
  6783 | D:9      | 6783 ||| Stepping ~*~*~tactically~*~*~ (outnumbered).
  6805 | D:9      | 6805 ||| Stepping ~*~*~tactically~*~*~ (stealth).
  6806 | D:9      | 6806 ||| Stepping ~*~*~tactically~*~*~ (stealth).
  6807 | D:9      | 6807 ||| Stepping ~*~*~tactically~*~*~ (stealth).
  6809 | D:9      | 6809 ||| Stepping ~*~*~tactically~*~*~ (stealth).
  6819 | D:9      | 6819 ||| Stepping ~*~*~tactically~*~*~ (stealth).
  6827 | D:9      | 6827 ||| Stepping ~*~*~tactically~*~*~ (stealth).
  6866 | D:9      | Noticed a rust devil
  6866 | D:9      | Noticed a two-headed ogre
  6871 | D:9      | Reached skill level 1 in Throwing
  6872 | D:9      | 6872 ||| Stepping ~*~*~tactically~*~*~ (outnumbered).
  6874 | D:9      | 6874 ||| Stepping ~*~*~tactically~*~*~ (outnumbered).
  6877 | D:9      | Killed a two-headed ogre
  6878 | D:9      | Reached XP level 11. HP: 33/107 MP: 3/11
  6894 | D:9      | 6894 ||| INVOKING Fiery Armour.
  6951 | D:9      | Found a staircase to the Lair.
  7015 | D:9      | 7015 ||| Stepping ~*~*~tactically~*~*~ (stealth).
  7016 | D:9      | 7016 ||| Stepping ~*~*~tactically~*~*~ (stealth).
  7017 | D:9      | 7017 ||| Stepping ~*~*~tactically~*~*~ (stealth).
  7023 | D:9      | 7023 ||| Stepping ~*~*~tactically~*~*~ (hiding).
  7040 | D:9      | 7040 ||| Stepping ~*~*~tactically~*~*~ (stealth).
  7046 | D:9      | 7046 ||| Stepping ~*~*~tactically~*~*~ (stealth).
  7124 | D:9      | Noticed a soul eater
  7125 | D:9      | 7125 ||| Stepping ~*~*~tactically~*~*~ (stealth).
  7127 | D:9      | 7127 ||| Stepping ~*~*~tactically~*~*~ (hiding).
  7133 | D:9      | Killed a soul eater
  7137 | D:9      | 7137 ||| FLEEEEING.
  7151 | D:9      | Reached skill level 15 in Unarmed Combat
  7154 | D:9      | 7154 ||| Stepping ~*~*~tactically~*~*~ (hiding).
  7299 | D:9      | Found a runed translucent door.
  7311 | D:9      | Found a runed translucent door.
  7333 | D:9      | Found a runed translucent door.
  7350 | D:9      | Found a runed translucent door.
  7372 | D:9      | 7372 ||| READING 2 scrolls labelled VENEUBO IXEPUH.
  7373 | D:9      | 7373 ||| PLANNING LAIR
  7373 | D:9      | 7373 ||| READING 4 scrolls of identify.
  7373 | D:9      | 7373 ||| IDENTIFYING smoky cyan potion
  7374 | D:9      | 7374 ||| DROPPING potion of magic.
  7418 | Lair:1   | Entered Level 1 of the Lair of Beasts
  7493 | Lair:1   | 7493 ||| Stepping ~*~*~tactically~*~*~ (stealth).
  7499 | Lair:1   | 7499 ||| Stepping ~*~*~tactically~*~*~ (stealth).
  7627 | Lair:1   | 7627 ||| Stepping ~*~*~tactically~*~*~ (stealth).
  7663 | Lair:1   | Reached skill level 16 in Unarmed Combat
  7697 | Lair:1   | 7697 ||| Stepping ~*~*~tactically~*~*~ (hiding).
  7983 | Lair:1   | 7983 ||| Stepping ~*~*~tactically~*~*~ (hiding).
  7984 | Lair:1   | Found a frozen archway.
  8249 | Lair:1   | 8249 ||| READING scroll labelled PYTETA KYOCU.
  8250 | Lair:1   | 8250 ||| READING scroll labelled EWAUCS MAIXIEM.
  8348 | Lair:2   | Noticed a lindwurm
  8351 | Lair:2   | Noticed a lindwurm
  8352 | Lair:2   | 8352 ||| INVOKING Fiery Armour.
  8355 | Lair:2   | Killed a lindwurm
  8358 | Lair:2   | Killed a lindwurm
  8383 | Lair:2   | 8383 ||| READING scroll of acquirement.
  8383 | Lair:2   | 8383 ||| ACQUIRING +5 tower shield "Doton" {rPois rCorr
                  | Dex+3}
  8383 | Lair:2   | Acquired the +5 tower shield "Doton" {rPois rCorr Dex+3}
  8385 | Lair:2   | 8385 ||| UPGRADING to +5 tower shield "Doton" {rPois rCorr
                  | Dex+3}.
  8422 | Lair:2   | Reached skill level 1 in Shields
  8496 | Lair:2   | 8496 ||| Stepping ~*~*~tactically~*~*~ (stealth).
  8503 | Lair:2   | 8503 ||| Stepping ~*~*~tactically~*~*~ (outnumbered).
  8504 | Lair:2   | 8504 ||| Stepping ~*~*~tactically~*~*~ (hiding).
  8512 | Lair:2   | Reached XP level 12. HP: 73/118 MP: 8/12
  8513 | Lair:2   | Reached skill level 3 in Shields
  9049 | Lair:2   | 9049 ||| READING 2 scrolls labelled PAEG PUORANENA.
  9050 | Lair:2   | 9050 ||| READING 7 scrolls of identify.
  9050 | Lair:2   | 9050 ||| IDENTIFYING fuming ruby potion
  9051 | Lair:2   | 9051 ||| DROPPING scroll of magic mapping.
  9066 | Lair:3   | Noticed a five-headed hydra
  9067 | Lair:3   | 9067 ||| INVOKING Fiery Armour.
  9073 | Lair:3   | 9073 ||| STAIRDANCE
  9073 | Lair:3   | Killed a seven-headed hydra
  9075 | Lair:2   | 9075 ||| PLANNING TEMPLE
  9244 | Temple   | Entered the Ecumenical Temple
  9245 | Temple   | 9245 ||| PLANNING CONVERSION TO OKAWARU
  9249 | Temple   | Fell from the grace of Ignis
  9249 | Temple   | Became a worshipper of Warmaster Okawaru
  9250 | Temple   | 9250 ||| PLANNING LAIR
  9423 | Lair:3   | HP: 19/118 [bog body (26)]
  9424 | Lair:3   | 9424 ||| READING 2 scrolls of teleportation.
  9425 | Lair:3   | 9425 ||| DRINKING 4 potions of heal wounds.
  9427 | Lair:3   | 9427 ||| DRINKING 3 potions of heal wounds.
  9428 | Lair:3   | 9428 ||| DRINKING 2 potions of heal wounds.
  9429 | Lair:3   | 9429 ||| FLEEEEING.
  9430 | Lair:3   | 9430 ||| FLEEEEING.
  9431 | Lair:3   | 9431 ||| FLEEEEING.
  9433 | Lair:3   | 9433 ||| STAIRDANCE
  9525 | Lair:3   | Noticed Fannar
  9525 | Lair:3   | Noticed a catoblepas
  9535 | Lair:3   | 9535 ||| Stepping ~*~*~tactically~*~*~ (cloud).
  9536 | Lair:3   | Killed a catoblepas
  9537 | Lair:3   | Reached skill level 6 in Shields
  9539 | Lair:3   | Killed Fannar
  9620 | Lair:3   | Found a hole to the Spider Nest.
  9734 | Lair:3   | 9734 ||| Stepping ~*~*~tactically~*~*~ (stealth).
  9737 | Lair:3   | Found a staircase to the Swamp.
  9739 | Lair:3   | Reached * piety under Okawaru
  9740 | Lair:3   | 9740 ||| Stepping ~*~*~tactically~*~*~ (stealth).
  9745 | Lair:3   | 9745 ||| INVOKING Heroism.
  9747 | Lair:3   | Reached skill level 1 in Invocations
 10455 | Lair:3   | 10455 ||| READING 6 scrolls of identify.
 10455 | Lair:3   | 10455 ||| IDENTIFYING black potion
 10456 | Lair:3   | 10456 ||| DROPPING potion of invisibility.
 10521 | Lair:4   | 10521 ||| INVOKING Heroism.
 10522 | Lair:4   | 10522 ||| Stepping ~*~*~tactically~*~*~ (stealth).
 10525 | Lair:4   | 10525 ||| Stepping ~*~*~tactically~*~*~ (outnumbered).
 10526 | Lair:4   | 10526 ||| STAIRDANCE
 10528 | Lair:3   | 10528 ||| Stepping ~*~*~tactically~*~*~ (outnumbered).
 10532 | Lair:3   | 10532 ||| Stepping ~*~*~tactically~*~*~ (outnumbered).
 10550 | Lair:4   | 10550 ||| STAIRDANCE
 10552 | Lair:3   | 10552 ||| INVOKING Heroism.
 10554 | Lair:3   | Reached ** piety under Okawaru
 10556 | Lair:3   | Reached skill level 3 in Invocations
 10600 | Lair:4   | 10600 ||| INVOKING Heroism.
 10634 | Lair:4   | 10634 ||| Stepping ~*~*~tactically~*~*~ (stealth).
 10651 | Lair:4   | 10651 ||| INVOKING Heroism.
 10653 | Lair:4   | 10653 ||| Stepping ~*~*~tactically~*~*~ (outnumbered).
 10654 | Lair:4   | 10654 ||| Stepping ~*~*~tactically~*~*~ (outnumbered).
 10765 | Lair:4   | 10765 ||| INVOKING Heroism.
 10766 | Lair:4   | 10766 ||| Stepping ~*~*~tactically~*~*~ (stealth).
 10769 | Lair:4   | 10769 ||| Stepping ~*~*~tactically~*~*~ (stealth).
 10784 | Lair:4   | 10784 ||| Stepping ~*~*~tactically~*~*~ (stealth).
 10785 | Lair:4   | 10785 ||| Stepping ~*~*~tactically~*~*~ (stealth).
 10786 | Lair:4   | 10786 ||| Stepping ~*~*~tactically~*~*~ (stealth).
 10788 | Lair:4   | 10788 ||| INVOKING Heroism.
 10816 | Lair:4   | Found a staircase to the Slime Pits.
 10846 | Lair:4   | 10846 ||| Stepping ~*~*~tactically~*~*~ (stealth).
 10847 | Lair:4   | 10847 ||| INVOKING Heroism.
 10981 | Lair:4   | Noticed a catoblepas
 10982 | Lair:4   | 10982 ||| INVOKING Heroism.
 10987 | Lair:4   | 10987 ||| Stepping ~*~*~tactically~*~*~ (cloud).
 10989 | Lair:4   | 10989 ||| Stepping ~*~*~tactically~*~*~ (cloud).
 10991 | Lair:4   | Killed a catoblepas
 10991 | Lair:4   | Reached *** piety under Okawaru
 11046 | Lair:4   | 11046 ||| INVOKING Heroism.
 11054 | Lair:4   | Reached skill level 9 in Shields
 11079 | Lair:4   | Noticed a death yak
 11080 | Lair:4   | Noticed a death yak
 11080 | Lair:4   | 11080 ||| Stepping ~*~*~tactically~*~*~ (stealth).
 11082 | Lair:4   | 11082 ||| INVOKING Heroism.
 11082 | Lair:4   | Noticed a death yak
 11083 | Lair:4   | 11083 ||| Stepping ~*~*~tactically~*~*~ (stealth).
 11089 | Lair:4   | 11089 ||| Stepping ~*~*~tactically~*~*~ (outnumbered).
 11090 | Lair:4   | 11090 ||| Stepping ~*~*~tactically~*~*~ (outnumbered).
 11091 | Lair:4   | 11091 ||| Stepping ~*~*~tactically~*~*~ (outnumbered).
 11092 | Lair:4   | 11092 ||| Stepping ~*~*~tactically~*~*~ (outnumbered).
 11093 | Lair:4   | 11093 ||| Stepping ~*~*~tactically~*~*~ (outnumbered).
 11093 | Lair:4   | Noticed a death yak
 11094 | Lair:4   | 11094 ||| Stepping ~*~*~tactically~*~*~ (stealth).
 11095 | Lair:4   | 11095 ||| Stepping ~*~*~tactically~*~*~ (outnumbered).
 11096 | Lair:4   | 11096 ||| Stepping ~*~*~tactically~*~*~ (outnumbered).
 11099 | Lair:4   | 11099 ||| Stepping ~*~*~tactically~*~*~ (outnumbered).
 11100 | Lair:4   | 11100 ||| Stepping ~*~*~tactically~*~*~ (outnumbered).
 11103 | Lair:4   | 11103 ||| Stepping ~*~*~tactically~*~*~ (outnumbered).
 11106 | Lair:4   | 11106 ||| Stepping ~*~*~tactically~*~*~ (outnumbered).
 11108 | Lair:4   | 11108 ||| Stepping ~*~*~tactically~*~*~ (outnumbered).
 11111 | Lair:4   | Killed a death yak
 11112 | Lair:4   | Reached XP level 13. HP: 123/124 MP: 13/15
 11112 | Lair:4   | 11112 ||| Stepping ~*~*~tactically~*~*~ (outnumbered).
 11113 | Lair:4   | 11113 ||| INVOKING Heroism.
 11117 | Lair:4   | 11117 ||| Stepping ~*~*~tactically~*~*~ (outnumbered).
 11118 | Lair:4   | 11118 ||| Stepping ~*~*~tactically~*~*~ (outnumbered).
 11124 | Lair:4   | 11124 ||| Stepping ~*~*~tactically~*~*~ (outnumbered).
 11127 | Lair:4   | 11127 ||| Stepping ~*~*~tactically~*~*~ (outnumbered).
 11128 | Lair:4   | 11128 ||| Stepping ~*~*~tactically~*~*~ (outnumbered).
 11258 | Lair:4   | 11258 ||| INVOKING Heroism.
 11376 | Lair:4   | 11376 ||| INVOKING Heroism.
 11579 | Lair:4   | 11579 ||| INVOKING Heroism.
 11690 | Lair:4   | 11690 ||| UPGRADING to ring of protection from cold.
 11691 | Lair:4   | 11691 ||| READING scroll labelled FIASKO UPYHEI.
 11766 | Lair:5   | Entered Level 5 of the Lair of Beasts
 11767 | Lair:5   | 11767 ||| INVOKING Heroism.
 11770 | Lair:5   | 11770 ||| STAIRDANCE
 11798 | Lair:5   | 11798 ||| STAIRDANCE
 11800 | Lair:4   | 11800 ||| INVOKING Heroism.
 11879 | Lair:5   | 11879 ||| INVOKING Heroism.
 11881 | Lair:5   | 11881 ||| Stepping ~*~*~tactically~*~*~ (stealth).
 11909 | Lair:5   | 11909 ||| Stepping ~*~*~tactically~*~*~ (stealth).
 11925 | Lair:5   | 11925 ||| Stepping ~*~*~tactically~*~*~ (stealth).
 11926 | Lair:5   | 11926 ||| Stepping ~*~*~tactically~*~*~ (stealth).
 11944 | Lair:5   | 11944 ||| INVOKING Heroism.
 11946 | Lair:5   | Reached **** piety under Okawaru
 11947 | Lair:5   | 11947 ||| Stepping ~*~*~tactically~*~*~ (stealth).
 12026 | Lair:5   | Found an ornate altar of the Wu Jian Council.
 12027 | Lair:5   | 12027 ||| INVOKING Heroism.
 12090 | Lair:5   | 12090 ||| INVOKING Heroism.
 12098 | Lair:5   | 12098 ||| Stepping ~*~*~tactically~*~*~ (outnumbered).
 12099 | Lair:5   | Received a gift from Okawaru
 12140 | Lair:5   | 12140 ||| Stepping ~*~*~tactically~*~*~ (outnumbered).
 12141 | Lair:5   | 12141 ||| Stepping ~*~*~tactically~*~*~ (outnumbered).
 12143 | Lair:5   | 12143 ||| Stepping ~*~*~tactically~*~*~ (outnumbered).
 12144 | Lair:5   | 12144 ||| Stepping ~*~*~tactically~*~*~ (outnumbered).
 12145 | Lair:5   | 12145 ||| Stepping ~*~*~tactically~*~*~ (outnumbered).
 12146 | Lair:5   | 12146 ||| Stepping ~*~*~tactically~*~*~ (outnumbered).
 12147 | Lair:5   | 12147 ||| Stepping ~*~*~tactically~*~*~ (outnumbered).
 12148 | Lair:5   | 12148 ||| Stepping ~*~*~tactically~*~*~ (outnumbered).
 12149 | Lair:5   | 12149 ||| Stepping ~*~*~tactically~*~*~ (outnumbered).
 12150 | Lair:5   | 12150 ||| Stepping ~*~*~tactically~*~*~ (outnumbered).
 12152 | Lair:5   | 12152 ||| Stepping ~*~*~tactically~*~*~ (outnumbered).
 12282 | Lair:5   | 12282 ||| INVOKING Heroism.
 12288 | Lair:5   | 12288 ||| Stepping ~*~*~tactically~*~*~ (outnumbered).
 12289 | Lair:5   | 12289 ||| Stepping ~*~*~tactically~*~*~ (outnumbered).
 12292 | Lair:5   | 12292 ||| Stepping ~*~*~tactically~*~*~ (outnumbered).
 12304 | Lair:5   | 12304 ||| INVOKING Heroism.
 12388 | Lair:5   | 12388 ||| INVOKING Heroism.
 12455 | Lair:5   | 12455 ||| INVOKING Heroism.
 12681 | Lair:5   | Was forgiven by Ignis
 12691 | Lair:5   | Reached skill level 6 in Invocations
 12904 | Lair:5   | 12904 ||| INVOKING Heroism.
 12911 | Lair:5   | 12911 ||| Stepping ~*~*~tactically~*~*~ (outnumbered).
 12915 | Lair:5   | Reached ***** piety under Okawaru
 13039 | Lair:5   | 13039 ||| Stepping ~*~*~tactically~*~*~ (cloud).
 13044 | Lair:5   | 13044 ||| INVOKING Heroism.
 13045 | Lair:5   | 13045 ||| INVOKING Finesse.
 13047 | Lair:5   | 13047 ||| Stepping ~*~*~tactically~*~*~ (cloud).
 13064 | Lair:5   | 13064 ||| Stepping ~*~*~tactically~*~*~ (outnumbered).
 13065 | Lair:5   | 13065 ||| Stepping ~*~*~tactically~*~*~ (outnumbered).
 13084 | Lair:5   | Reached skill level 12 in Shields
 13130 | Lair:5   | 13130 ||| Stepping ~*~*~tactically~*~*~ (stealth).
 13132 | Lair:5   | 13132 ||| INVOKING Heroism.
 13133 | Lair:5   | 13133 ||| INVOKING Finesse.
 13157 | Lair:5   | 13157 ||| Stepping ~*~*~tactically~*~*~ (stealth).
 13169 | Lair:5   | 13169 ||| Stepping ~*~*~tactically~*~*~ (stealth).
 13220 | Lair:5   | 13220 ||| INVOKING Heroism.
 13221 | Lair:5   | 13221 ||| Stepping ~*~*~tactically~*~*~ (outnumbered).
 13222 | Lair:5   | 13222 ||| Stepping ~*~*~tactically~*~*~ (outnumbered).
 13223 | Lair:5   | 13223 ||| Stepping ~*~*~tactically~*~*~ (outnumbered).
 13225 | Lair:5   | 13225 ||| Stepping ~*~*~tactically~*~*~ (outnumbered).
 13245 | Lair:5   | 13245 ||| Stepping ~*~*~tactically~*~*~ (stealth).
 13250 | Lair:5   | 13250 ||| INVOKING Finesse.
 13258 | Lair:5   | 13258 ||| INVOKING Heroism.
 13271 | Lair:5   | 13271 ||| Stepping ~*~*~tactically~*~*~ (stealth).
 13284 | Lair:5   | 13284 ||| Stepping ~*~*~tactically~*~*~ (stealth).
 13292 | Lair:5   | Reached XP level 14. HP: 123/133 MP: 11/18
 13347 | Lair:5   | Identified the ring of the Queen {Fire *Corrode Fly rN+
                  | Int+8}
 13561 | Lair:5   | 13561 ||| PLANNING D:1-11
 13681 | D:10     | Entered Level 10 of the Dungeon
 13681 | D:10     | Found Rubas's Armour Emporium.
 13685 | D:10     | 13685 ||| STAIRDANCE
 13769 | D:10     | 13769 ||| Stepping ~*~*~tactically~*~*~ (hiding).
 13815 | D:10     | Found a white marble altar of Elyvilon.
 13816 | D:10     | 13816 ||| Stepping ~*~*~tactically~*~*~ (stealth).
 13872 | D:10     | 13872 ||| Stepping ~*~*~tactically~*~*~ (stealth).
 13878 | D:10     | 13878 ||| Stepping ~*~*~tactically~*~*~ (outnumbered).
 13916 | D:10     | 13916 ||| INVOKING Heroism.
 14068 | D:10     | 14068 ||| READING 7 scrolls of identify.
 14068 | D:10     | 14068 ||| IDENTIFYING fuming inky potion
 14069 | D:10     | 14069 ||| DROPPING potion of berserk rage.
 14083 | D:11     | 14083 ||| INVOKING Heroism.
 14084 | D:11     | 14084 ||| INVOKING Finesse.
 14241 | D:11     | 14241 ||| INVOKING Heroism.
 14246 | D:11     | 14246 ||| Stepping ~*~*~tactically~*~*~ (outnumbered).
 14247 | D:11     | 14247 ||| Stepping ~*~*~tactically~*~*~ (outnumbered).
 14248 | D:11     | 14248 ||| Stepping ~*~*~tactically~*~*~ (hiding).
 14249 | D:11     | 14249 ||| Stepping ~*~*~tactically~*~*~ (outnumbered).
 14250 | D:11     | 14250 ||| Stepping ~*~*~tactically~*~*~ (outnumbered).
 14251 | D:11     | 14251 ||| Stepping ~*~*~tactically~*~*~ (outnumbered).
 14252 | D:11     | 14252 ||| Stepping ~*~*~tactically~*~*~ (outnumbered).
 14253 | D:11     | 14253 ||| Stepping ~*~*~tactically~*~*~ (outnumbered).
 14254 | D:11     | 14254 ||| Stepping ~*~*~tactically~*~*~ (outnumbered).
 14255 | D:11     | 14255 ||| Stepping ~*~*~tactically~*~*~ (outnumbered).
 14256 | D:11     | 14256 ||| Stepping ~*~*~tactically~*~*~ (outnumbered).
 14257 | D:11     | 14257 ||| Stepping ~*~*~tactically~*~*~ (outnumbered).
 14258 | D:11     | 14258 ||| Stepping ~*~*~tactically~*~*~ (outnumbered).
 14259 | D:11     | 14259 ||| Stepping ~*~*~tactically~*~*~ (outnumbered).
 14260 | D:11     | 14260 ||| Stepping ~*~*~tactically~*~*~ (outnumbered).
 14261 | D:11     | 14261 ||| Stepping ~*~*~tactically~*~*~ (outnumbered).
 14262 | D:11     | 14262 ||| Stepping ~*~*~tactically~*~*~ (outnumbered).
 14263 | D:11     | 14263 ||| Stepping ~*~*~tactically~*~*~ (outnumbered).
 14264 | D:11     | 14264 ||| Stepping ~*~*~tactically~*~*~ (outnumbered).
 14265 | D:11     | 14265 ||| Stepping ~*~*~tactically~*~*~ (outnumbered).
 14266 | D:11     | 14266 ||| Stepping ~*~*~tactically~*~*~ (outnumbered).
 14267 | D:11     | 14267 ||| Stepping ~*~*~tactically~*~*~ (outnumbered).
 14268 | D:11     | 14268 ||| Stepping ~*~*~tactically~*~*~ (outnumbered).
 14269 | D:11     | 14269 ||| Stepping ~*~*~tactically~*~*~ (outnumbered).
 14270 | D:11     | 14270 ||| INVOKING Heroism.
 14271 | D:11     | 14271 ||| Stepping ~*~*~tactically~*~*~ (outnumbered).
 14272 | D:11     | 14272 ||| Stepping ~*~*~tactically~*~*~ (outnumbered).
 14276 | D:11     | 14276 ||| Stepping ~*~*~tactically~*~*~ (outnumbered).
 14277 | D:11     | 14277 ||| Stepping ~*~*~tactically~*~*~ (outnumbered).
 14278 | D:11     | 14278 ||| Stepping ~*~*~tactically~*~*~ (outnumbered).
 14279 | D:11     | 14279 ||| Stepping ~*~*~tactically~*~*~ (outnumbered).
 14280 | D:11     | 14280 ||| Stepping ~*~*~tactically~*~*~ (outnumbered).
 14310 | D:11     | 14310 ||| Stepping ~*~*~tactically~*~*~ (outnumbered).
 14311 | D:11     | 14311 ||| Stepping ~*~*~tactically~*~*~ (outnumbered).
 14313 | D:11     | 14313 ||| Stepping ~*~*~tactically~*~*~ (outnumbered).
 14314 | D:11     | 14314 ||| Stepping ~*~*~tactically~*~*~ (outnumbered).
 14315 | D:11     | 14315 ||| Stepping ~*~*~tactically~*~*~ (stealth).
 14316 | D:11     | 14316 ||| Stepping ~*~*~tactically~*~*~ (outnumbered).
 14317 | D:11     | 14317 ||| Stepping ~*~*~tactically~*~*~ (outnumbered).
 14318 | D:11     | 14318 ||| Stepping ~*~*~tactically~*~*~ (outnumbered).
 14321 | D:11     | 14321 ||| Stepping ~*~*~tactically~*~*~ (stealth).
 14322 | D:11     | 14322 ||| INVOKING Heroism.
 14323 | D:11     | 14323 ||| Stepping ~*~*~tactically~*~*~ (outnumbered).
 14324 | D:11     | 14324 ||| Stepping ~*~*~tactically~*~*~ (outnumbered).
 14327 | D:11     | 14327 ||| Stepping ~*~*~tactically~*~*~ (outnumbered).
 14635 | D:11     | 14635 ||| PLANNING D
 14635 | D:11     | 14635 ||| UPGRADING to amulet of reflection.
 14645 | D:11     | 14645 ||| DROPPING amulet of the acrobat.
 14646 | D:11     | 14646 ||| UPGRADING to ring of the Queen {Fire *Corrode Fly
                  | rN+ Int+8}.
 14716 | D:12     | 14716 ||| INVOKING Heroism.
 14717 | D:12     | 14717 ||| Stepping ~*~*~tactically~*~*~ (outnumbered).
 14719 | D:12     | 14719 ||| Stepping ~*~*~tactically~*~*~ (outnumbered).
 14733 | D:12     | 14733 ||| INVOKING Heroism.
 14782 | D:12     | 14782 ||| INVOKING Heroism.
 14790 | D:12     | 14790 ||| Stepping ~*~*~tactically~*~*~ (outnumbered).
 14791 | D:12     | 14791 ||| Stepping ~*~*~tactically~*~*~ (outnumbered).
 14793 | D:12     | 14793 ||| Stepping ~*~*~tactically~*~*~ (outnumbered).
 14794 | D:12     | 14794 ||| Stepping ~*~*~tactically~*~*~ (outnumbered).
 14795 | D:12     | 14795 ||| Stepping ~*~*~tactically~*~*~ (outnumbered).
 14796 | D:12     | 14796 ||| Stepping ~*~*~tactically~*~*~ (outnumbered).
 15077 | D:12     | Found a staircase to the Orcish Mines.
 15078 | D:12     | 15078 ||| INVOKING Heroism.
 15083 | D:12     | 15083 ||| Stepping ~*~*~tactically~*~*~ (outnumbered).
 15086 | D:12     | 15086 ||| Stepping ~*~*~tactically~*~*~ (outnumbered).
 15097 | D:12     | 15097 ||| Stepping ~*~*~tactically~*~*~ (outnumbered).
 15317 | D:12     | 15317 ||| Stepping ~*~*~tactically~*~*~ (stealth).
 15320 | D:12     | 15320 ||| Stepping ~*~*~tactically~*~*~ (stealth).
 15323 | D:12     | 15323 ||| INVOKING Heroism.
 15327 | D:12     | 15327 ||| Stepping ~*~*~tactically~*~*~ (outnumbered).
 15334 | D:12     | 15334 ||| Stepping ~*~*~tactically~*~*~ (outnumbered).
 15354 | D:12     | 15354 ||| Stepping ~*~*~tactically~*~*~ (stealth).
 15355 | D:12     | 15355 ||| Stepping ~*~*~tactically~*~*~ (stealth).
 15408 | D:12     | 15408 ||| INVOKING Heroism.
 15409 | D:12     | 15409 ||| INVOKING Finesse.
 15412 | D:12     | Identified the +1 robe "Ceibistra" {Regen+ MP-9 Dex+2}
                  | (Okawaru gifted it to you on level 12 of the Dungeon)
 15412 | D:12     | Received a gift from Okawaru
 15605 | D:12     | 15605 ||| Stepping ~*~*~tactically~*~*~ (stealth).
 15607 | D:12     | 15607 ||| Stepping ~*~*~tactically~*~*~ (stealth).
 15609 | D:12     | 15609 ||| Stepping ~*~*~tactically~*~*~ (hiding).
 15617 | D:12     | 15617 ||| INVOKING Heroism.
 15881 | D:12     | 15881 ||| INVOKING Heroism.
 15882 | D:12     | 15882 ||| INVOKING Finesse.
 15939 | D:12     | 15939 ||| READING scroll labelled OPAVUHYMYOL.
 16031 | D:13     | 16031 ||| DRINKING 15 potions of curing.
 16031 | D:13     | 16031 ||| (to cure confusion)
 16071 | D:13     | 16071 ||| INVOKING Heroism.
 16072 | D:13     | 16072 ||| INVOKING Finesse.
 16118 | D:13     | 16118 ||| Stepping ~*~*~tactically~*~*~ (stealth).
 16124 | D:13     | 16124 ||| Stepping ~*~*~tactically~*~*~ (stealth).
 16125 | D:13     | 16125 ||| Stepping ~*~*~tactically~*~*~ (stealth).
 16129 | D:13     | 16129 ||| Stepping ~*~*~tactically~*~*~ (stealth).
 16130 | D:13     | 16130 ||| Stepping ~*~*~tactically~*~*~ (stealth).
 16136 | D:13     | Reached skill level 9 in Invocations
 16259 | D:13     | Found a bloodstained altar of Trog.
 16262 | D:13     | 16262 ||| Stepping ~*~*~tactically~*~*~ (stealth).
 16264 | D:13     | 16264 ||| INVOKING Heroism.
 16356 | D:13     | 16356 ||| INVOKING Heroism.
 16366 | D:13     | 16366 ||| Stepping ~*~*~tactically~*~*~ (outnumbered).
 16367 | D:13     | 16367 ||| Stepping ~*~*~tactically~*~*~ (outnumbered).
 16373 | D:13     | 16373 ||| Stepping ~*~*~tactically~*~*~ (outnumbered).
 16377 | D:13     | 16377 ||| Stepping ~*~*~tactically~*~*~ (outnumbered).
 16379 | D:13     | Reached skill level 3 in Throwing
 16447 | D:13     | 16447 ||| INVOKING Heroism.
 16671 | D:13     | Noticed Maurice
 16674 | D:13     | 16674 ||| Stepping ~*~*~tactically~*~*~ (hiding).
 16686 | D:13     | 16686 ||| Stepping ~*~*~tactically~*~*~ (hiding).
 16690 | D:13     | Killed Maurice
 16851 | D:14     | 16851 ||| PLANNING GAUNTLET
 16852 | D:14     | Found a runed translucent door.
 16852 | D:14     | Noticed Opnastoc's ghost (journeyman MiBe)
 16904 | D:14     | 16904 ||| INVOKING Heroism.
 16912 | D:14     | HP: 31/133 [meliai/+0 war axe (8)]
 16913 | D:14     | 16913 ||| READING 7 scrolls of teleportation.
 16914 | D:14     | 16914 ||| DRINKING 3 potions of heal wounds.
 16915 | D:14     | 16915 ||| DRINKING 2 potions of heal wounds.
 16917 | D:14     | 16917 ||| DRINKING potion of heal wounds.
 17010 | D:14     | 17010 ||| Stepping ~*~*~tactically~*~*~ (hiding).
 17011 | D:14     | 17011 ||| INVOKING Heroism.
 17037 | D:14     | 17037 ||| Stepping ~*~*~tactically~*~*~ (hiding).
 17058 | D:14     | Identified the +1 ring mail "Zuejod" {Int+3}
 17088 | D:14     | Found a gate to the Vaults.
 17088 | D:14     | Noticed an ironbound preserver
 17089 | D:14     | 17089 ||| Stepping ~*~*~tactically~*~*~ (hiding).
 17096 | D:14     | 17096 ||| Stepping ~*~*~tactically~*~*~ (outnumbered).
 17107 | D:14     | 17107 ||| INVOKING Heroism.
 17109 | D:14     | Killed an ironbound preserver
 17148 | D:14     | 17148 ||| INVOKING Heroism.
 17149 | D:14     | 17149 ||| INVOKING Finesse.
 17205 | D:14     | 17205 ||| Stepping ~*~*~tactically~*~*~ (hiding).
 17332 | D:14     | 17332 ||| RIP GAUNTLET
 17349 | D:14     | 17349 ||| PLANNING D
 17349 | D:14     | 17349 ||| Stepping ~*~*~tactically~*~*~ (stealth).
 17431 | D:14     | 17431 ||| Stepping ~*~*~tactically~*~*~ (hiding).
 17432 | D:14     | 17432 ||| Stepping ~*~*~tactically~*~*~ (hiding).
 17454 | D:14     | 17454 ||| Stepping ~*~*~tactically~*~*~ (hiding).
 17456 | D:14     | 17456 ||| INVOKING Heroism.
 17747 | D:14     | 17747 ||| READING 6 scrolls of teleportation.
 17810 | D:15     | Entered Level 15 of the Dungeon
 17839 | D:15     | 17839 ||| Stepping ~*~*~tactically~*~*~ (outnumbered).
 17842 | D:15     | 17842 ||| Stepping ~*~*~tactically~*~*~ (outnumbered).
 17918 | D:15     | 17918 ||| Stepping ~*~*~tactically~*~*~ (stealth).
 18496 | D:15     | 18496 ||| Stepping ~*~*~tactically~*~*~ (hiding).
 18608 | D:15     | Found a staircase to the Depths.
 18608 | D:15     | Noticed a frost giant
 18610 | D:15     | 18610 ||| INVOKING Heroism.
 18611 | D:15     | 18611 ||| INVOKING Finesse.
 18616 | D:15     | Killed a frost giant
 18735 | D:15     | Found a portal to a secret trove of treasure.
 18885 | D:15     | 18885 ||| PLANNING ORC
 18913 | D:15     | 18913 ||| INVOKING Heroism.
 18918 | D:15     | Reached XP level 15. HP: 140/140 MP: 19/21
 19003 | Orc:1    | Entered Level 1 of the Orcish Mines
 19009 | Orc:1    | 19009 ||| INVOKING Heroism.
 19017 | Orc:1    | 19017 ||| Stepping ~*~*~tactically~*~*~ (outnumbered).
 19018 | Orc:1    | 19018 ||| Stepping ~*~*~tactically~*~*~ (outnumbered).
 19019 | Orc:1    | 19019 ||| Stepping ~*~*~tactically~*~*~ (outnumbered).
 19020 | Orc:1    | 19020 ||| Stepping ~*~*~tactically~*~*~ (outnumbered).
 19021 | Orc:1    | 19021 ||| Stepping ~*~*~tactically~*~*~ (outnumbered).
 19023 | Orc:1    | 19023 ||| Stepping ~*~*~tactically~*~*~ (outnumbered).
 19030 | Orc:1    | 19030 ||| Stepping ~*~*~tactically~*~*~ (outnumbered).
 19035 | Orc:1    | 19035 ||| Stepping ~*~*~tactically~*~*~ (outnumbered).
 19139 | Orc:1    | 19139 ||| Stepping ~*~*~tactically~*~*~ (stealth).
 19141 | Orc:1    | 19141 ||| Stepping ~*~*~tactically~*~*~ (hiding).
 19143 | Orc:1    | 19143 ||| Stepping ~*~*~tactically~*~*~ (hiding).
 19306 | Orc:1    | 19306 ||| Stepping ~*~*~tactically~*~*~ (hiding).
 19309 | Orc:1    | 19309 ||| Stepping ~*~*~tactically~*~*~ (hiding).
 19328 | Orc:1    | 19328 ||| Stepping ~*~*~tactically~*~*~ (stealth).
 19329 | Orc:1    | 19329 ||| Stepping ~*~*~tactically~*~*~ (hiding).
 19332 | Orc:1    | 19332 ||| Stepping ~*~*~tactically~*~*~ (hiding).
 19333 | Orc:1    | 19333 ||| Stepping ~*~*~tactically~*~*~ (hiding).
 19336 | Orc:1    | 19336 ||| INVOKING Heroism.
 19338 | Orc:1    | 19338 ||| Stepping ~*~*~tactically~*~*~ (hiding).
 19340 | Orc:1    | 19340 ||| Stepping ~*~*~tactically~*~*~ (outnumbered).
 19341 | Orc:1    | 19341 ||| Stepping ~*~*~tactically~*~*~ (hiding).
 19345 | Orc:1    | 19345 ||| Stepping ~*~*~tactically~*~*~ (outnumbered).
 19346 | Orc:1    | 19346 ||| Stepping ~*~*~tactically~*~*~ (outnumbered).
 19346 | Orc:1    | Noticed Urug
 19347 | Orc:1    | 19347 ||| Stepping ~*~*~tactically~*~*~ (outnumbered).
 19348 | Orc:1    | 19348 ||| Stepping ~*~*~tactically~*~*~ (outnumbered).
 19351 | Orc:1    | 19351 ||| Stepping ~*~*~tactically~*~*~ (outnumbered).
 19355 | Orc:1    | Killed Urug
 19355 | Orc:1    | Received a gift from Okawaru
 19491 | Orc:2    | Entered Level 2 of the Orcish Mines
 19492 | Orc:2    | 19492 ||| INVOKING Heroism.
 19495 | Orc:2    | 19495 ||| Stepping ~*~*~tactically~*~*~ (outnumbered).
 19498 | Orc:2    | 19498 ||| Stepping ~*~*~tactically~*~*~ (outnumbered).
 19544 | Orc:2    | Found a staircase to the Elven Halls.
 19599 | Orc:2    | 19599 ||| Stepping ~*~*~tactically~*~*~ (hiding).
 19600 | Orc:2    | 19600 ||| INVOKING Heroism.
 19601 | Orc:2    | 19601 ||| Stepping ~*~*~tactically~*~*~ (outnumbered).
 19602 | Orc:2    | 19602 ||| Stepping ~*~*~tactically~*~*~ (hiding).
 19603 | Orc:2    | Reached skill level 6 in Throwing
 19611 | Orc:2    | 19611 ||| Stepping ~*~*~tactically~*~*~ (outnumbered).
 19614 | Orc:2    | 19614 ||| Stepping ~*~*~tactically~*~*~ (outnumbered).
 19616 | Orc:2    | 19616 ||| Stepping ~*~*~tactically~*~*~ (outnumbered).
 19617 | Orc:2    | 19617 ||| Stepping ~*~*~tactically~*~*~ (outnumbered).
 19619 | Orc:2    | 19619 ||| Stepping ~*~*~tactically~*~*~ (outnumbered).
 19621 | Orc:2    | 19621 ||| Stepping ~*~*~tactically~*~*~ (outnumbered).
 19622 | Orc:2    | 19622 ||| Stepping ~*~*~tactically~*~*~ (outnumbered).
 19623 | Orc:2    | 19623 ||| Stepping ~*~*~tactically~*~*~ (outnumbered).
 19624 | Orc:2    | 19624 ||| Stepping ~*~*~tactically~*~*~ (outnumbered).
 19625 | Orc:2    | 19625 ||| Stepping ~*~*~tactically~*~*~ (outnumbered).
 19627 | Orc:2    | 19627 ||| Stepping ~*~*~tactically~*~*~ (outnumbered).
 19628 | Orc:2    | Found Aducusal's Assorted Antiques.
 19628 | Orc:2    | Found Etur Ump's Assorted Antiques.
 19628 | Orc:2    | Found Jiocwo Russ's Book Emporium.
 19629 | Orc:2    | 19629 ||| Stepping ~*~*~tactically~*~*~ (outnumbered).
 19631 | Orc:2    | 19631 ||| Stepping ~*~*~tactically~*~*~ (outnumbered).
 19633 | Orc:2    | 19633 ||| Stepping ~*~*~tactically~*~*~ (outnumbered).
 19635 | Orc:2    | 19635 ||| Stepping ~*~*~tactically~*~*~ (outnumbered).
 19637 | Orc:2    | 19637 ||| Stepping ~*~*~tactically~*~*~ (outnumbered).
 19639 | Orc:2    | 19639 ||| Stepping ~*~*~tactically~*~*~ (outnumbered).
 19641 | Orc:2    | 19641 ||| Stepping ~*~*~tactically~*~*~ (outnumbered).
 19644 | Orc:2    | HP: 22/140 [orc warrior/+0 trident (18)]
 19645 | Orc:2    | 19645 ||| READING 6 scrolls of teleportation.
 19645 | Orc:2    | HP: 1/140 [orc warrior/+0 long sword (22)]
 19645 | Orc:2    | Slain by an orc warrior

Levels and vault maps discovered:
D:1:      dpeg_arrival_another_circle, layout_basic
D:2:      layout_loops_corners, hangedman_decor_diamond_cutter, uniq_jessica
D:3:      gammafunk_steamed_eel, layout_rooms, serial_shops,
          nicolae_lakefront_shop, shop, shop, shop_fountains,
          nicolae_shop_statue_plus
D:4:      layout_loops_ring, minmay_temple_entry_overgrown, uniq_grinder
D:5:      layout_loops_cross
D:6:      layout_basic, minmay_misc_feat_plants, minivault_27,
          nicolae_shop_sticking_my_neck_out, uniq_duvessa,
          uniq_crazy_yiuf_cottage
D:7:      layout_basic, st_stairs_7
D:8:      layout_basic, serial_shops, kennysheep_mini, uniq_erica
D:9:      layout_rooms, lair_entry_dummy, serial_demonic, serial_demonic_b,
          serial_demonic_e, serial_demonic_f, serial_demonic_g,
          serial_demonic_a, serial_demonic_g, serial_demonic_d,
          serial_demonic_f, serial_demonic_c, serial_demonic_g,
          minmay_statue_crystal_thing
D:10:     layout_gridville, elyvilon_altar_4, serial_shops, nicolae_shop_trees
D:11:     layout_cave_pools
D:12:     layout_basic, david_orc_2, minmay_diamond_spiral
D:13:     layout_irregular_city, hex_medium, trog_hazing_becter, uniq_maurice
D:14:     layout_rooms, skrybe_vaults_entry_preservation,
          gauntlet_entry_generic, gammafunk_ghost_grave
D:15:     grunt_enter_depths_snipers, layout_loops_corners,
          nicolae_trove_entry_path_of_doom
Temple:   grunt_wide_crystal_templ
Lair:1:   layout_roguey, portal_ice_cave_rime, wad_woods_road_02
Lair:2:   layout_roguey, nicolae_lair_lindhole
Lair:3:   layout_cave_pods, skrybe_swamp_entry_bodies, spider_nest_entry_a,
          serial_bayou_shore_b, uniq_fannar
Lair:4:   layout_regular_city, slime_entry_1
Lair:5:   grunt_lair_end_beastmaster, layout_cave_pods, basic_altar,
          serial_bayou_shore_b, grunt_megastairs_3
Orc:1:    layout_caves, uniq_urug
Orc:2:    st_orc_rangers, layout_caves

Skill      XL: |  1  2  3  4  5  6  7  8  9 10 11 12 13 14 15 |
---------------+----------------------------------------------+-----
Unarmed Combat | 4 5 6 8 9 11 13 14 16 | 16.2
Fighting       | 3 4 5 6 7 |  7.0
Dodging        | 2 |  2.0
Armour         | 3 4 5 |  5.0
Throwing       | 1 2 4 6 |  6.0
Shields        | 2 9 12 13 14 | 14.1
Invocations    | 4 7 10 | 10.0
Spellcasting   | |  1.0
Fire Magic     | |  2.1

Action                   |  1- 3 |  4- 6 |  7- 9 | 10-12 | 13-15 || total
-------------------------+-------+-------+-------+-------+-------++-------
Melee: Unarmed           |    42 |   122 |   241 |   430 |   758 ||  1593
       Punch             |     1 |     1 |     5 |    11 |       ||    18
Throw: Boomerang         |       |    17 |       |    37 |    76 ||   130
       Javelin           |       |       |       |       |     8 ||     8
       Large rock        |       |       |       |       |     7 ||     7
Invok: Fiery Armour      |     1 |       |     6 |     5 |       ||    12
       Heroism           |       |       |       |    11 |    47 ||    58
       Finesse           |       |       |       |       |     9 ||     9
  Use: Scroll            |     4 |     6 |     6 |    14 |     6 ||    36
       Potion            |     1 |     1 |     1 |     5 |     4 ||    12
 Stab: Petrified         |       |       |       |     2 |       ||     2
Armor: Robe              |     5 |    39 |    63 |       |       ||   107
       Storm dragon scal |       |       |    64 |   204 |   259 ||   527
Dodge: Dodged            |     9 |    49 |   133 |   105 |   158 ||   454
       Repelled          |       |       |       |       |     6 ||     6
Block: Tower shield      |       |       |       |   187 |   991 ||  1178
       Reflection        |       |       |       |       |   109 ||   109

Table legend:
 A = Non-vault XP
 B = Vault XP
 C = Vault XP percentage of total XP
 D = Non-vault monster count
 E = Vault monster count
 F = Vault count percentage of total count
                 A         B        C        D         E       F
            +---------+---------+-------+---------+---------+-------
      Total |   72573 |   38650 |  34.8 |     430 |     110 |  20.4
            +---------+---------+-------+---------+---------+-------
        D:1 |      29 |       0 |   0.0 |      17 |       0 |   0.0
        D:2 |      95 |      37 |  28.0 |      17 |       1 |   5.6
        D:3 |      66 |       0 |   0.0 |      12 |       0 |   0.0
        D:4 |     354 |     262 |  42.5 |      23 |       1 |   4.2
        D:5 |     666 |       0 |   0.0 |      17 |       0 |   0.0
        D:6 |    1596 |     222 |  12.2 |      18 |       2 |  10.0
        D:7 |     853 |      74 |   8.0 |      22 |       1 |   4.3
        D:8 |    1460 |    1679 |  53.5 |      25 |       4 |  13.8
        D:9 |    3527 |    3863 |  52.3 |      19 |      12 |  38.7
       D:10 |    1373 |       2 |   0.1 |       7 |       1 |  12.5
       D:11 |    3772 |       0 |   0.0 |      17 |       0 |   0.0
       D:12 |    6157 |    3442 |  35.9 |      33 |      10 |  23.3
       D:13 |    5671 |     497 |   8.1 |      14 |       7 |  33.3
       D:14 |    3690 |    5608 |  60.3 |      11 |       9 |  45.0
       D:15 |    4808 |    3119 |  39.3 |      11 |       4 |  26.7
     Lair:1 |    3184 |    1696 |  34.8 |      17 |       5 |  22.7
     Lair:2 |    4598 |    1269 |  21.6 |      19 |       2 |   9.5
     Lair:3 |    4669 |    2622 |  36.0 |      15 |       5 |  25.0
     Lair:4 |    7793 |    1431 |  15.5 |      26 |       3 |  10.3
     Lair:5 |   13780 |    9109 |  39.8 |      48 |      17 |  26.2
      Orc:1 |    2559 |     773 |  23.2 |      28 |       1 |   3.4
      Orc:2 |    1873 |    2945 |  61.1 |      14 |      25 |  64.1
            +---------+---------+-------+---------+---------+-------
